 Dungeon Crawl Stone Soup version 0.17.0-15-g6d90897 (console) character file.

72 gw the Insei (level 4, 0/38 HPs)
             Began as a Draconian Monk on Nov 11, 2015.
             Succumbed to an adder's poison
             ... on level 2 of the Dungeon.
             The game lasted 00:02:15 (2122 turns).

gw the Insei (Draconian Monk)                       Turns: 2122, Time: 00:02:16

Health: 0/38       AC:  5    Str: 13    XL:     4   Next: 7%
Magic:  4/4        EV: 13    Int: 11    God:
Gold:   104        SH:  0    Dex: 14    Spells: 0 memorised, 3 levels left

rFire  . . .     SeeInvis .       - Unarmed
rCold  . . .     Clarity  .     (armour unavailable)
rNeg   . . .     SustAt   .     (no shield)
rPois  .         Gourm    .     (helmet restricted)
rElec  .         Spirit   .     (no cloak)
rCorr  .         Warding  .     (no gloves)
rMut   .         Stasis   .     (no boots)
MR     .....                    (no amulet)
Stlth  ++........               (no ring)
                                (no ring)

@: lethally poisoned (0 -> -4), not resistant to hostile enchantments,
unstealthy
A: unfitting armour, cold-blooded, AC +5
a: no special abilities


You were on level 2 of the Dungeon.
You were not hungry.

You visited 1 branch of the dungeon, and saw 2 of its levels.

You collected 104 gold pieces.

Inventory:

Missiles
 b - 10 poisoned needles
 c - 20 stones (quivered)
Comestibles
 a - 3 bread rations


   Skills:
 + Level 3.5 Fighting
 + Level 1.4 Throwing
 + Level 3.3 Dodging
 - Level 1.7 Stealth
 * Level 4.6 Unarmed Combat


You had 3 spell levels left.
You didn't know any spells.

Dungeon Overview and Level Annotations

Branches:
Dungeon (2/15)

Altars:
Ashenzari


Innate Abilities, Weirdness & Mutations

Your plain brown scales are hard (AC +5).
Your body does not fit into most forms of armour.
You are cold-blooded and may be slowed by cold attacks.


Message History

The giant newt bites you but does no damage.
Unknown command.
Unknown command.
Unknown command.
Unknown command.
ATTACKING (-1,1)
You hit the adder but do no damage.
The adder is severely wounded.
The adder completely misses you. The adder bites you but does no damage.
A jackal comes into view.
Unknown command.
Unknown command.
Unknown command.
Unknown command.
ATTACKING (-1,1)
The jackal barks!
You punch the adder!
You kill the adder!
You have reached level 4!
You feel clever.
You die...

#######
......# ##
..###.# .h#
#.# #.# #h#
#.# #.# #h#
#.# #.# #
##l## # #.#
#.#
#.##d..##.#
#.###.#
#..%.....(#
...##.##
####...####
#......#
####.##
##.##..#
#....#
#.##<.#
#.####
#.....# #.#
#..##.. #.#
#..# ###
#.#


You could see 3 jackals and a giant newt.

Table legend:
 A = Turns spent in this place as a percentage of turns spent in the entire game.
 B = Non-inter-level travel turns spent in this place as a percentage of non-inter-level travel turns spent in the entire game.
 C = Inter-level travel turns spent in this place as a percentage of turns spent in this place.
 D = Turns resting spent in this place as a percentage of non-inter-level travel turns spent in this place.
 E = Turns spent auto-exploring this place as a percentage of non-inter-level travel turns spent in this place.
 F = Non-inter-level travel turns spent in this place divided by the number of levels of this place that you've seen.
                   A       B       C       D       E      F
               +-------+-------+-------+-------+-------+----------------------
         Total | 100.0 | 100.0 |   0.5 |   0.9 |   2.1 | 1683.0
       Dungeon | 100.0 | 100.0 |   0.5 |   0.9 |   2.1 | 1683.0
               +-------+-------+-------+-------+-------+----------------------

Table legend:
 A = Kills in this place as a percentage of kills in entire the game.
 B = Kills by you in this place as a percentage of kills by you in the entire game.
 C = Kills by friends in this place as a percentage of kills by friends in the entire game.
 D = Other kills in this place as a percentage of other kills in the entire game.
 E = Experience gained in this place as a percentage of experience gained in the entire game.
 F = Experience gained in this place divided by the number of levels of this place that you have seen.
                   A       B       C       D       E      F
               +-------+-------+-------+-------+-------+----------------------
         Total | 100.0 | 100.0 |  -nan |  -nan | 100.0 |  52.0
       Dungeon | 100.0 | 100.0 |  -nan |  -nan | 100.0 |  52.0
               +-------+-------+-------+-------+-------+----------------------

Vanquished Creatures
  2 adders (D:2)
  A gnoll (D:1)
  3 giant cockroaches
  6 goblins
  5 hobgoblins
  6 jackals
  A quokka (D:2)
  6 bats
  A giant gecko (D:2)
  2 giant newts (D:2)
  5 kobolds
  6 rats
44 creatures vanquished.

Notes
Turn   | Place    | Note
--------------------------------------------------------------
     0 | D:1      | gw the Draconian Monk began the quest for the Orb.
     0 | D:1      | Reached XP level 1. HP: 19/19 MP: 1/1
   171 | D:1      | Reached XP level 2. HP: 17/26 MP: 2/2
   709 | D:1      | Reached XP level 3. HP: 28/31 MP: 3/3
  1232 | D:2      | Reached skill level 1 in Throwing
  1245 | D:2      | Found a shattered altar of Ashenzari.
  2120 | D:2      | HP: 1/31 [adder (1)]
  2122 | D:2      | Reached XP level 4. HP: 1/38 MP: 4/4
  2122 | D:2      | Succumbed to an adder's poison

Action                   |  1- 3 |  4- 6 || total
-------------------------+-------+-------++-------
Melee: Unarmed           |   140 |       ||   140
Throw: Stone             |    21 |       ||    21
 Stab: Distracted        |     1 |       ||     1
  Eat: Chunk             |     4 |       ||     4

Vault maps used:
D:1:      lightli_arrival_statuegarden, glass_columns_a, serial_park_tiny_1
D:2:      ashenzari_conservatory_becter
